 Dungeon Crawl Stone Soup version 0.30-a0-772-g5528072125 (webtiles) character file.

Game seed: 9492144062418684461

123 NinjaNoafa the Grasshopper (level 4, -1/36 (38) HPs)
             Began as an Armataur Warper on Feb 13, 2023.
             Slain by Crazy Yiuf
             ... wielding a +3 quarterstaff of chaos
              (10 damage)
             ... on level 3 of the Dungeon.
             The game lasted 00:14:34 (1455 turns).

NinjaNoafa the Grasshopper (Armataur Warper)        Turns: 1455, Time: 00:14:35

HP:   -1/36 (38)    AC:  4    Str: 16    XL:     4   Next: 79%
MP:   4/8           EV:  9    Int: 16    God:
Gold: 129           SH:  0    Dex:  9    Spells: 4/8 levels left

rFire   . . .      SeeInvis .    k - +0 flail
rCold   + . .      Faith    .    (no shield)
rNeg    . . .      Spirit   .    b - +0 leather armour
rPois   .          Reflect  .    (no helmet)
rElec   .          Harm     .    (no cloak)
rCorr   .          Roll     +    (no gloves)
Will    .....                    (no barding)
Stlth   ++                       i - amulet of the acrobat
HPRegen 0.26/turn                n - ring of protection from cold
MPRegen 0.11/turn                (no ring)

@: hasted, drained, very quick
A: large, rugged brown scales 3, deformed body, armoured tail, roll, long
tongue, awkward tongue
a: no special abilities


You were on level 3 of the Dungeon.
You visited 1 branch of the dungeon, and saw 3 of its levels.

You collected 129 gold pieces.

Inventory:

Hand Weapons
 k - a +0 flail (weapon)
Missiles
 d - 6 boomerangs of dispersal (quivered)
 h - 6 poisoned darts
Armour
 b - a +0 leather armour (worn)
Jewellery
 i - an amulet of the acrobat (around neck)
 n - a ring of protection from cold (left hand)
Scrolls
 c - a scroll of blinking
 e - 4 scrolls of fog {unknown}
 f - 3 scrolls of teleportation {unknown}
 g - 5 scrolls of identify
 j - a scroll of enchant weapon {unknown}
 l - 2 scrolls of amnesia {unknown}


   Skills:
 - Level 1.7 Fighting
 - Level 1.7 Maces & Flails
 - Level 0.8 Throwing
 - Level 1.2 Armour
 - Level 1.3 Dodging
 + Level 3.0 Stealth
 + Level 2.8 Spellcasting
 + Level 4.0 Translocations


You had 4 spell levels left.
You knew the following spells:

 Your Spells              Type           Power      Damage    Failure   Level
a - Blink                 Tloc           30%        N/A       7%          2
b - Lesser Beckoning      Tloc           30%        N/A       7%          2

Your spell library contained the following spells:

 Spells                   Type           Power      Damage    Failure   Level
 Teleport Other           Tloc           15%        N/A       13%         3
 Vhi's Electric Charge    Tloc/Air       16%        N/A       30%         3
 Manifold Assault         Tloc           15%        N/A       41%         4
 Ozocubu's Armour         Ice            2%         N/A       56%         3
 Metabolic Englaciation   Hex/Ice        1%         N/A       100%        5
 Simulacrum               Ice/Necr       1%         N/A       100%        6


Dungeon Overview and Level Annotations

Branches:
Dungeon (3/15)

Altars:
Ru

Annotations:
D:3 Crazy Yiuf


Innate Abilities, Weirdness & Mutations

You are completely covered in rugged brown scales. (AC +3, +7% HP)
Armour fits poorly on your strangely shaped body.
You have a long armoured tail.
You roll when moving toward enemies. (Rampage)
Your long tongue fully drains potion bottles. (2x potion effects)
Your tongue gives you trouble enunciating. (1.5x scroll delay)


Message History

You feel yourself speed up.
Crazy Yiuf whimpers, "You foot arga!"
You roll towards Crazy Yiuf!
You hit Crazy Yiuf.
Crazy Yiuf is moderately wounded.
Crazy Yiuf cries, "Action illywillydillykilly turtle!"
Crazy Yiuf hits you with a +3 quarterstaff of chaos!
* * * LOW HITPOINT WARNING * * *
You slurp down every last drop of the potion of heal wounds!
You feel much better.
You closely miss Crazy Yiuf.
Your tail-slap misses Crazy Yiuf.
Crazy Yiuf is moderately wounded.
Crazy Yiuf hits you with a +3 quarterstaff of chaos!
You are electrocuted!!
Ouch! That really hurt!
* * * LOW HITPOINT WARNING * * *
You hit Crazy Yiuf but do no damage.
Crazy Yiuf is moderately wounded.
Crazy Yiuf barely misses you.
You slurp down every last drop of the potion of curing!
You feel better.
You closely miss Crazy Yiuf.
Crazy Yiuf is moderately wounded.
Crazy Yiuf closely misses you.
You hit Crazy Yiuf. You tail-slap Crazy Yiuf.
Crazy Yiuf is heavily wounded.
Crazy Yiuf laughs, "Mugger chair Orb Guardian!"
Crazy Yiuf hits you with a +3 quarterstaff of chaos!
* * * LOW HITPOINT WARNING * * *
Crazy Yiuf freezes you.
* * * LOW HITPOINT WARNING * * *
You hit Crazy Yiuf.
Crazy Yiuf is severely wounded.
Crazy Yiuf barely misses you.
Throw: 7 boomerangs (disperse)
Press: ? - help, Q - select action, (/) - cycle Shift-Dir - straight line, f - Crazy Yiuf
Aim: Crazy Yiuf, wielding a +3 quarterstaff of chaos and wearing a +0 cloak (severely wounded, 56% to hit)
You throw a boomerang of dispersal.
The boomerang of dispersal barely misses Crazy Yiuf.
Crazy Yiuf hits you with a +3 quarterstaff of chaos!
You die...

.......# ##..........# #####
.......# #...........# #...#
.......# #..>........###.).#
.......###.#####..###.....##
..[........# #..# #(###.#
.......##### #..###.# #.#
.......# #...##.###.#
.......# #g#.##.##..#
##...### #@#.#..##.## #....#
#.#...###.# #.#..# ..#..##
#.# >..#.# #.##..# ##.#
...#.# #. #..# #..# ##.#..
#. #..# #.## # .#.## #.##..#
#.# ##.... #.#...# #.# ..##.
#.#.# #.#


You could see Crazy Yiuf.

Vanquished Creatures
  A jelly (D:3)
  3 adders
  5 dart slugs
  7 bats
  6 endoplasms
  3 giant cockroaches (D:1)
  3 goblins
  2 hobgoblins
  6 quokkas
  7 ball pythons
  3 frilled lizards
  2 kobolds
  9 rats
57 creatures vanquished.

Notes
Turn   | Place    | Note
-------+----------+-------------------------------------------
     0 | D:1      | NinjaNoafa the Armataur Warper began the quest for the Orb.
     0 | D:1      | Reached XP level 1. HP: 18/18 MP: 3/3
   121 | D:1      | Reached skill level 1 in Stealth
   128 | D:1      | Reached XP level 2. HP: 25/25 MP: 5/5
   281 | D:1      | Reached XP level 3. HP: 8/31 MP: 6/6
   505 | D:2      | Found a sacrificial altar of Ru.
   653 | D:2      | Learned a level 2 spell: Blink
   666 | D:2      | Learned a level 2 spell: Lesser Beckoning
   971 | D:2      | Reached XP level 4. HP: 35/38 MP: 7/7
  1166 | D:3      | Found a runed translucent door.
  1167 | D:3      | Noticed Crazy Yiuf
  1234 | D:3      | Reached skill level 4 in Translocations
  1455 | D:3      | Slain by Crazy Yiuf

Illustrated notes

Levels and vault maps discovered:
D:1:      noname_arrival_rooms_in_the_neighbourhood, layout_rooms
D:2:      layout_basic, basic_altar, minmay_misc_feat_columns, st_stairs_1,
          minmay_cupped
D:3:      layout_rooms, nicolae_wu_jian_immortal_techniques,
          shapermc_ecumenical_altar_hornbeckon, uniq_crazy_yiuf_cottage

Skill      XL: |  1  2  3  4 |
---------------+-------------+-----
Stealth        | 1 2 3 |  3.0
Spellcasting   | 2 |  2.8
Translocations | 4 |  4.0
Fighting       | |  1.7
Maces & Flails | |  1.7
Throwing       | |  0.8
Armour         | |  1.2
Dodging        | |  1.3

Action                     |  1- 3 |  4- 6 || total
---------------------------+-------+-------++-------
  Melee: Mace              |   118 |       ||   118
         Tailslap          |     9 |     6 ||    15
         Flail             |    22 |    48 ||    70
         Punch             |     1 |       ||     1
  Throw: Boomerang         |       |     1 ||     1
   Cast: Blink             |     1 |     2 ||     3
    Use: Scroll            |       |     2 ||     2
         Potion            |       |     2 ||     2
   Stab: Sleeping          |     4 |       ||     4
 Armour: Leather armour    |    72 |     5 ||    77
  Dodge: Dodged            |   102 |    36 ||   138

Table legend: (Time is in decaauts)
 A = Elapsed time spent in this place.
 B = Non-inter-level travel time spent in this place.
 C = Inter-level travel time spent in this place.
 D = Time resting spent in this place.
 E = Time spent auto-exploring this place.
 F = Levels seen in this place.
 G = Mean time per level.
                   A        B        C        D        E       F      G
               +--------+--------+--------+--------+--------+-----+--------+
         Total |   1508 |   1301 |    207 |    117 |    145 |   3 |  502.7 |
       Dungeon |   1508 |   1301 |    207 |    117 |    145 |   3 |  502.7 |
               +--------+--------+--------+--------+--------+-----+--------+

Top non-repeatable levels by time:
     D:2: 608 daAuts
     D:1: 474 daAuts
     D:3: 426 daAuts
